 Dungeon Crawl Stone Soup version 0.27-a0-1230-gfc7c993222 (webtiles) character file.

Game seed: 7912279146516207465

230940 Bnni the Warrior (level 18, 0/158 HPs)
             Began as a Demonspawn Fighter on June 8, 2021.
             Was the Champion of Okawaru.
             Slain by Ilsuiw
             ... wielding a +3 trident of freezing
              (1 damage)
             ... on level 2 of the Shoals.
             The game lasted 01:29:24 (34999 turns).

Bnni the Warrior (Demonspawn Fighter)              Turns: 34999, Time: 01:29:24

Health: 0/158      AC: 28    Str: 22    XL:     18   Next: 78%
Magic:  27/27      EV:  9    Int: 14    God:    Okawaru [******]
Gold:   1321       SH:  0    Dex: 15    Spells: 10/29 levels left

rFire    + . .     SeeInvis .   F - +6 scimitar "Peshryon" {drain, rElec Str-5 Dex+3}
rCold    + + .     Faith    .   Y - +0 kite shield {rPois}
rNeg     + . .     Spirit   .   h - +2 plate armour {rC+}
rPois    +         Reflect  +   P - +1 helmet {Int+3}
rElec    +         Harm     .   W - +1 cloak of Hopscotch {Fly rF+ rN+ Will+}
rCorr    .         Rampage  +   I - +0 pair of gloves {Str+3}
Will     ++...                  U - +2 pair of boots {rampage}
Stlth    ..........             B - amulet of reflection
HPRegen  0.36/turn              e - +4 ring of slaying
MPRegen  0.20/turn              o - ring of protection from cold

@: confused, ambrosia-drunk, flying, studying Fighting
A: claws 2, slimy green scales 2, ignite blood 3, spiny 3
}: 1/15 runes: gossamer
a: Renounce Religion, Heroism, Finesse


You were on level 2 of the Shoals.
You worshipped Okawaru.
Okawaru was exalted by your worship.
You visited 6 branches of the dungeon, and saw 30 of its levels.
You also visited: Gauntlet.

You collected 3439 gold pieces.
You spent 2118 gold pieces at shops.

Inventory:

Hand Weapons
 b - a +4 scimitar of flaming
 t - a +1 hand crossbow of flaming
 x - a +4 vorpal hand crossbow
 A - the +10 hand crossbow of Impatience {elec, rF- rCorr Str+6}
   (You bought it in a shop on level 2 of the Orcish Mines)

   It charges the ammunition it shoots with electricity; occasionally upon a
   hit, such missiles may discharge and cause terrible harm.
   It affects your strength (+6).
   It makes you vulnerable to fire.
   It protects you from acid and corrosion.
 F - the +6 scimitar "Peshryon" (weapon) {drain, rElec Str-5 Dex+3}
   (Okawaru gifted it to you on level 7 of the Dungeon)

   A truly terrible weapon, it drains the life of those it strikes.
   It affects your strength (-5).
   It affects your dexterity (+3).
   It insulates you from electricity.
 K - the +5 long sword "Sogry" {freeze, Str+4}
   (You found it on level 3 of the Spider Nest)

   It has been specially enchanted to freeze those struck by it, causing extra
   injury to most foes and up to half again as much damage against particularly
   susceptible opponents.
   It can also slow down cold-blooded creatures.
   It affects your strength (+4).
 L - the +9 long sword of a bazaar {antimagic, rF+ rN+}
   (Okawaru gifted it to you on level 10 of the Dungeon)

   It reduces the magical energy of the wielder, and disrupts the spells and
   magical abilities of those hit.
   Natural abilities and divine invocations are not affected.
   It protects you from fire.
   It protects you from negative energy.
Missiles
 G - 85 bolts
Armour
 h - a +2 plate armour of cold resistance (worn)
 I - a +0 pair of gloves of strength (worn)
 P - a +1 helmet of intelligence (worn)
 T - the +7 plate armour of Nualomal {rF- Int+10 Dex+3}
   (You found it on level 13 of the Dungeon)

   It affects your intelligence (+10).
   It affects your dexterity (+3).
   It makes you vulnerable to fire.
 U - a +2 pair of boots of rampaging (worn)
 W - the +1 cloak of Hopscotch (worn) {Fly rF+ rN+ Will+}
   (You found it in a Gauntlet)

   It protects you from fire.
   It protects you from negative energy.
   It grants you flight.
   It increases your willpower.
 Y - a +0 kite shield of poison resistance (worn)
Jewellery
 e - a +4 ring of slaying (left hand)
 o - a ring of protection from cold (right hand)
 r - a ring of protection from cold
 B - an amulet of reflection (around neck)
 C - a ring of resist corrosion
 H - a ring of positive energy
Wands
 a - a wand of charming (6)
 w - a wand of digging (10)
 y - a wand of acid (5)
 z - a wand of flame (92)
 D - a wand of mindburst (21)
 E - a wand of iceblast (25)
 N - a wand of polymorph (8)
Scrolls
 f - 12 scrolls of teleportation
 g - 6 scrolls of enchant armour
 i - 7 scrolls of fear
 l - 4 scrolls of fog
 p - 2 scrolls of silence
 q - 5 scrolls of blinking
 s - 3 scrolls of magic mapping
 v - 2 scrolls of enchant weapon
 O - 11 scrolls of identify
 V - 4 scrolls of summoning
Potions
 d - 2 potions of might
 j - 2 potions of haste
 k - a potion of mutation
 m - 4 potions of heal wounds
 n - 9 potions of curing
 u - 2 potions of resistance
 J - 2 potions of cancellation
 M - 9 potions of ambrosia
 R - a potion of berserk rage
Miscellaneous
 c - a phantom mirror


   Skills:
 + Level 18.4 Fighting
 - Level 14.0 Long Blades
 - Level 10.0 Crossbows
 - Level 8.0 Armour
 - Level 5.1 Dodging
 - Level 15.0 Shields
 + Level 6.4 Spellcasting
 * Level 7.9 Translocations
 - Level 8.0 Invocations


You had 10 spell levels left.
You knew the following spells:

 Your Spells              Type           Power      Damage    Failure   Level
a - Swiftness             Air            4%         N/A       100%        3
b - Blink                 Tloc           N/A        N/A       14%         2
c - Silence               Hex/Air        2%         N/A       100%        5
d - Airstrike             Air            2%         N/A       100%        4
f - Manifold Assault      Tloc           26%        N/A       94%         5

Your spell library contained the following spells:

 Spells                   Type           Power      Damage    Failure   Level
 Gell's Gravitas          Tloc           13%        N/A       26%         3
 Lesser Beckoning         Tloc           13%        N/A       26%         3
 Teleport Other           Tloc           26%        N/A       26%         3
 Animate Skeleton         Necr           8%         N/A       93%         1
 Foxfire                  Conj/Fire      16%        2x1d4     93%         1
 Magic Dart               Conj           16%        1d3       93%         1
 Pain                     Necr           16%        1d4       93%         1
 Sandblast                Erth           8%         2d5       93%         1
 Shock                    Conj/Air       16%        1d4       93%         1
 Call Imp                 Summ           4%         N/A       98%         2
 Passwall                 Tmut/Erth      3%         N/A       98%         2
 Poisonous Vapours        Pois/Air       8%         N/A       98%         2
 Searing Ray              Conj           8%         3d3       98%         2
 Slow                     Hex            4%         N/A       98%         2
 Static Discharge         Conj/Air       4%         N/A       98%         2
 Sublimation of Blood     Necr           2%         N/A       98%         2
 Iskenderun's Mystic Bla  Conj/Tloc      15%        2d5       99%         4
 Conjure Flame            Conj/Fire      4%         6-21      100%        3
 Dazzling Flash           Conj/Hex       8%         N/A       100%        3
 Ignite Poison            Fire/Tmut/Pois 4%         N/A       100%        3
 Inner Flame              Hex/Fire       4%         N/A       100%        3
 Mephitic Cloud           Conj/Pois/Air  4%         N/A       100%        3
 Stone Arrow              Conj/Erth      8%         3d7       100%        3
 Summon Guardian Golem    Hex/Summ       4%         N/A       100%        3
 Vampiric Draining        Necr           2%         2d6       100%        3
 Animate Armour           Summ/Erth      8%         N/A       100%        4
 Animate Dead             Necr           2%         N/A       100%        4
 Cause Fear               Hex            2%         N/A       100%        4
 Fulminant Prism          Conj/Hex       2%         3d6       100%        4
 Leda's Liquefaction      Hex/Erth       2%         N/A       100%        4
 Petrify                  Tmut/Erth      4%         N/A       100%        4
 Sticky Flame             Conj/Fire      4%         2d3       100%        4
 Agony                    Necr           4%         N/A       100%        5
 Alistair's Intoxication  Tmut/Pois      2%         N/A       100%        5
 Bolt of Magma            Conj/Fire/Erth 2%         4d4       100%        5
 Fireball                 Conj/Fire      2%         3d4       100%        5
 Irradiate                Conj/Tmut      2%         3d14      100%        5
 Lee's Rapid Deconstruct  Erth           2%         3d5*      100%        5
 Lightning Bolt           Conj/Air       2%         1d13      100%        5
 Blade Hands              Tmut           2%         N/A       100%        6
 Dispersal                Tloc           13%        N/A       100%        6
 Eringya's Noxious Bog    Tmut/Pois      2%         N/A       100%        6
 Freezing Cloud           Conj/Ice/Air   2%         6-21      100%        6
 Iron Shot                Conj/Erth      2%         9d2       100%        6
 Statue Form              Tmut/Erth      2%         N/A       100%        6
 Dragon Form              Tmut           2%         N/A       100%        7
 Disjunction              Tloc           13%        N/A       100%        8
 Shatter                  Erth           2%         3d6*      100%        9


Dungeon Overview and Level Annotations

Branches:
Dungeon (15/15)            Temple (1/1) D:7            Lair (6/6) D:11
 Shoals (2/4) Lair:4       Spider (4/4) Lair:2        Slime (0/5) Lair:6
    Orc (2/2) D:12            Elf (0/3) Orc:2        Vaults (0/5) D:13
 Depths (0/5) D:15        Gauntlet (visited)

Altars:
Ashenzari
Cheibriados
Dithmenos
Elyvilon
Fedhas
Gozag
Hepliaklqana
Kikubaaqudgha
Makhleb
Nemelex Xobeh
Okawaru
Qazlal
Ru
Sif Muna
Trog
Uskayaw
Vehumet
Wu Jian
Xom
Yredelemnul
Zin
The Shining One

Shops:
D:2 !   Orc:2 *(!:

Portals:
Trove: D:10 (give 5 potions of resistance)

Annotations:
D:13 2 transporters, Gilette's ghost, adept MiBe
Shoals:2 Ilsuiw


Innate Abilities, Weirdness & Mutations

You have very sharp fingernails.
You are mostly covered in slimy green scales. (AC +3)
Your demonic aura causes all spilled blood to erupt in flames.
You are completely covered in sharp spines.


Message History

You destroy the water elemental!
Something hits you but does no damage.
You hit something. You slash something!
The water elemental disappears in a puff of smoke!
You block the water elemental's attack. x3
You block the water elemental's attack. Something hits you but does no damage.
You block the water elemental's attack. The water elemental hits you.
* * * LOW HITPOINT WARNING * * *
You block the water elemental's attack. Something hits you!
* * * LOW HITPOINT WARNING * * *
Something freezes you.
* * * LOW HITPOINT WARNING * * *
Unknown command.
You slice something!! You block the water elemental's attack.
You block something's attack. You block the water elemental's attack.
You miss something.
You feel like a meek peon again.
You block the water elemental's attack. x2
You hit something. You block something's attack. The water elemental hits you.
You feel better.
You block the water elemental's attack. x2
Something hits you but does no damage. The water elemental hits you.
You hit something. The water elemental closely misses you.
You block the water elemental's attack. You block something's attack.
You block the water elemental's attack.
You slash something! You block the water elemental's attack.
The water elemental hits you.
* * * LOW HITPOINT WARNING * * *
Something hits you.
* * * LOW HITPOINT WARNING * * *
The water elemental barely misses you.
You are confused.
You feel invigorated. The water elemental barely misses you.
The water elemental is struck by your spines.
The water elemental hits you!
* * * LOW HITPOINT WARNING * * *
Something hits you!!
* * * LOW HITPOINT WARNING * * *
Something freezes you.
You die...

≈≈≈≈≈≈≈≈≈≈≈≈≈≈≈≈≈≈≈≈≈≈≈≈
≈≈≈≈≈≈≈≈≈≈≈≈≈≈≈≈≈≈≈≈≈≈≈.
≈≈≈≈≈≈≈≈≈≈≈≈≈≈≈≈≈≈≈≈≈≈≈≈
≈≈≈≈≈≈≈≈≈≈≈≈≈≈≈≈≈≈≈≈≈≈≈.
≈≈≈≈≈≈≈≈≈≈≈≈≈≈≈≈≈≈≈≈≈≈..
≈≈≈≈≈..≈≈≈≈≈≈≈≈≈≈≈≈≈≈≈.#
≈≈.....≈≈≈≈≈≈≈≈≈≈≈≈≈≈...
≈≈.....≈≈≈≈≈≈≈≈E≈)(≈(...
≈≈≈≈≈..≈≈≈≈≈≈≈≈E@≈≈≈≈>≈.
†≈≈≈≈≈≈≈≈≈≈≈≈≈≈E{≈≈≈≈≈≈.
..≈≈≈≈≈≈≈≈≈≈≈≈≈≈≈≈≈≈≈≈..
..≈≈≈≈≈≈≈≈≈≈≈≈≈≈≈≈≈≈≈≈##
#.≈.≈≈≈≈≈≈≈≈≈≈≈≈≈≈≈≈≈≈.#
#....≈≈≈≈≈≈≈≈≈≈≈≈≈≈≈≈≈≈≈≈≈≈≈≈.#
#..≈≈≈≈≈≈≈≈≈≈≈≈≈≈≈≈≈≈≈≈≈≈≈≈≈..##
..≈≈.≈≈≈≈≈≈≈≈≈≈≈≈≈≈≈≈≈≈≈≈≈≈≈...#
..≈..≈≈≈≈≈≈≈≈≈≈≈≈≈≈≈≈≈≈≈≈≈≈≈...#


You could see 3 water elementals.

Vanquished Creatures
  Nikola (Shoals:1)
  Arachne (Spider:3)
  Frances (Shoals:1)
  Gastronok (Lair:3)
  Kirke (Shoals:1)
  5 emperor scorpions
  3 ghost moths
  2 very ugly things
  The ghost of Boawougg the Basher, a journeyman GnWn of Makhleb (Lair:5)
  5 entropy weavers
  A bunyip (shapeshifter) (D:15)
  2 spark wasps
  A minotaur (Gauntlet)
  Azrael (Spider:3)
  A blizzard demon (Gauntlet)
  A merfolk javelineer (Shoals:2)
  A merfolk impaler (Shoals:1)
  16 hydras
  2 rakshasas (D:15)
  10 boulder beetles
  2 catoblepae (Lair:6)
  A vault guard (D:10)
  6 centaur warriors
  A merfolk aquamancer (Shoals:2)
  A merfolk avatar (Shoals:1)
  2 two-headed ogres
  A deep troll shaman (Lair:6)
  8 death scarabs (Spider:4)
  12 death yaks
  3 orc high priests (Orc:2)
  A tengu warrior (D:14)
  Nergalle (D:11)
  10 sea snakes
  An obsidian statue (Lair:1)
  A glowing orange brain (D:15)
  Pikel (D:7)
  2 lindwurms (Lair:6)
  6 spectral wolf spiders (Spider:4)
  A deep elf pyromancer (D:14)
  A wolf spider zombie (Spider:4)
  3 necromancers
  A wizard (D:14)
  34 wolf spiders
  An oklob plant (Lair:4)
  6 orc knights
  4 moths of wrath
  21 ugly things
  10 fauns
  15 orb spiders
  4 orc sorcerers (Orc:2)
  5 cyclopes
  4 manticores
  A cyclops (shapeshifter) (D:13)
  4 elephants (Lair:6)
  A black mamba (Lair:4)
  6 merfolk sirens
  Joseph (D:8)
  A smoke demon (Gauntlet)
  An eye of devastation (Lair:6)
  7 cane toads
  2 water nymphs
  A gargoyle (D:12)
  3 kobold demonologists
  2 efreet
  A freezing wraith (D:15)
  9 komodo dragons
  2 unseen horrors
  A rime drake (Lair:4)
  4 yaktaurs (D:15)
  Psyche (D:9)
  14 demonic crawlers
  3 spectral redbacks (Spider:4)
  2 redback zombies (Spider:4)
  2 ice devils (Gauntlet)
  3 meliai (D:14)
  4 merfolk
  A queen bee (D:10)
  36 jumping spiders
  2 spectral jumping spiders (Spider:4)
  11 trolls
  2 wind drakes (Shoals:1)
  4 spectral tarantellas (Spider:4)
  4 blink frogs (Lair:1)
  4 tyrant leeches
  4 tarantella zombies (Spider:4)
  4 hornets
  3 snapping turtles
  A centaur simulacrum (D:14)
  2 dream sheep (Shoals:2)
  2 jumping spider zombies (Spider:4)
  9 slime creatures
  A spriggan (D:14)
  72 redbacks
  4 shadows
  35 tarantellas
  33 yaks
  5 water elementals
  2 wraiths
  A fire elemental (Spider:3)
  2 humans
  5 basilisks
  4 vampire mosquitoes (D:6)
  A steam dragon (D:9)
  A warg (Orc:2)
  An acid dragon (D:11)
  3 hell hounds (Spider:3)
  18 water moccasins
  A floating eye (Lair:6)
  3 spectral hornets (Spider:4)
  25 orc warriors
  5 black bears
  5 ice beasts
  2 necrophages (D:5)
  13 wolves
  5 ogres
  13 centaurs
  A lemure (D:7)
  2 kobold brigands
  A phantom (D:5)
  12 bullfrogs
  A wyvern zombie (D:8)
  7 scorpions
  A water moccasin zombie (D:5)
  A wyvern skeleton (D:5)
  25 killer bees
  3 wights (D:9)
  4 electric eels
  4 howler monkeys
  4 crimson imps (Gauntlet)
  3 centaur zombies
  A bullfrog zombie (D:5)
  A hound (D:5)
  10 jellies
  A centaur skeleton (D:5)
  14 orc priests
  A bullfrog skeleton (D:5)
  3 iguanas
  29 orc wizards
  5 hell rats (D:6)
  A killer bee zombie (D:7)
  A hound skeleton (D:5)
  2 howler monkey zombies
  10 adders
  12 river rats (D:6)
  4 shadow imps
  A white imp (Gauntlet)
  3 ufetubi (D:5)
  8 worms
  5 dart slugs
  65 orcs
  3 bats
  18 endoplasms
  3 giant cockroaches
  3 goblins
  6 hobgoblins
  12 jackals
  2 kobolds (D:1)
  5 quokkas
  4 ball pythons
  7 frilled lizards
  A goblin skeleton (D:9)
  4 rats
966 creatures vanquished.

Vanquished Creatures (collateral kills)
  A two-headed ogre (D:9)
  An orc (D:7)
2 creatures vanquished.

Vanquished Creatures (others)
  A torpor snail (Spider:2)
  17 demonic plants (Gauntlet)
  61 fungi
  40 plants
119 creatures vanquished.

Grand Total: 1087 creatures vanquished

Notes
Turn   | Place    | Note
-------+----------+-------------------------------------------
     0 | D:1      | Bnni the Demonspawn Fighter began the quest for the Orb.
     0 | D:1      | Reached XP level 1. HP: 18/18 MP: 1/1
   421 | D:1      | Gained mutation: You are partially covered in sharp spines.
                  | [demonic ancestry]
   421 | D:1      | Reached XP level 2. HP: 23/24 MP: 2/2
  1085 | D:2      | Reached XP level 3. HP: 29/29 MP: 3/3
  1248 | D:2      | Found an iron altar of Okawaru.
  1261 | D:2      | Became a worshipper of Warmaster Okawaru
  1285 | D:2      | Found Uruos's Distillery.
  1301 | D:2      | Bought a potion of heal wounds for 60 gold pieces
  1301 | D:2      | Bought a potion of curing for 36 gold pieces
  1355 | D:2      | Gained mutation: Your demonic aura sometimes causes spilled
                  | blood to erupt in flames. [demonic ancestry]
  1355 | D:2      | Reached XP level 4. HP: 37/37 MP: 4/4
  1878 | D:3      | Found an iron altar of Okawaru.
  1984 | D:3      | Reached skill level 4 in Fighting
  2029 | D:3      | Found a sparkling altar of Nemelex Xobeh.
  2145 | D:3      | Gained mutation: Your demonic aura often causes spilled
                  | blood to erupt in flames. [demonic ancestry]
  2145 | D:3      | Reached XP level 5. HP: 42/42 MP: 5/5
  2503 | D:4      | Found an ornate altar of the Wu Jian Council.
  2674 | D:4      | Reached * piety under Okawaru
  2778 | D:4      | Gained mutation: You are mostly covered in sharp spines.
                  | [demonic ancestry]
  2778 | D:4      | Reached XP level 6. HP: 42/49 MP: 6/6
  2938 | D:4      | Reached skill level 5 in Long Blades
  2959 | D:4      | Found a radiant altar of Vehumet.
  2960 | D:4      | Found a burning altar of Makhleb.
  3027 | D:5      | Entered Level 5 of the Dungeon
  3039 | D:5      | Noticed a water moccasin
  3056 | D:4      | Killed a water moccasin
  3157 | D:5      | Found a hazy altar of Hepliaklqana.
  3176 | D:5      | Reached skill level 5 in Fighting
  3217 | D:5      | Reached ** piety under Okawaru
  3271 | D:5      | Found a shimmering altar of Xom.
  3306 | D:5      | Gained mutation: You are partially covered in slimy green
                  | scales. (AC +2) [demonic ancestry]
  3306 | D:5      | Reached XP level 7. HP: 51/56 MP: 7/7
  3632 | D:5      | Reached skill level 6 in Fighting
  3633 | D:5      | Reached XP level 8. HP: 51/64 MP: 8/8
  3875 | D:5      | Reached *** piety under Okawaru
  3991 | D:5      | Killed an unseen horror
  3992 | D:5      | Reached skill level 7 in Fighting
  3996 | D:5      | Reached **** piety under Okawaru
  4190 | D:6      | Reached XP level 9. HP: 72/72 MP: 9/9
  4809 | D:6      | Reached skill level 8 in Fighting
  4912 | D:6      | Reached skill level 10 in Long Blades
  5231 | D:6      | Found the +2 ratskin cloak {*Rats rPois rN+ Str-1 Int-1
                  | Dex+1}
  5235 | D:6      | Reached ***** piety under Okawaru
  5860 | D:7      | Found a sacrificial altar of Ru.
  5928 | D:7      | Reached skill level 1 in Invocations
  6001 | D:7      | Found a staircase to the Ecumenical Temple.
  6029 | D:7      | Noticed Pikel
  6035 | D:7      | Killed Pikel
  6035 | D:7      | Identified the +6 scimitar "Peshryon" {drain, rElec Str-5
                  | Dex+3} (Okawaru gifted it to you on level 7 of the Dungeon)
  6035 | D:7      | Received a gift from Okawaru
  6036 | D:7      | Reached skill level 9 in Fighting
  6036 | D:7      | Gained mutation: Your demonic aura causes all spilled blood
                  | to erupt in flames. [demonic ancestry]
  6036 | D:7      | Reached XP level 10. HP: 54/83 MP: 9/11
  6240 | Temple   | Entered the Ecumenical Temple
  6362 | D:7      | Identified the +1 chain mail of Het Itau {rC+ Stlth+}
  6916 | D:8      | Noticed Joseph
  7179 | D:8      | Killed Joseph
  7812 | D:8      | Found a blossoming altar of Fedhas.
  7956 | D:9      | Found a shadowy altar of Dithmenos.
  7967 | D:9      | Found a runed translucent door.
  7970 | D:9      | Found a basalt altar of Yredelemnul.
  7994 | D:9      | Reached skill level 5 in Invocations
  8016 | D:9      | Noticed Psyche
  8023 | D:9      | Killed Psyche
  8576 | D:9      | Noticed a two-headed ogre
  8581 | D:9      | Killed a two-headed ogre
  8582 | D:9      | Reached XP level 11. HP: 59/90 MP: 15/15
  8875 | D:10     | Entered Level 10 of the Dungeon
  8908 | D:10     | Reached skill level 10 in Fighting
  8932 | D:10     | Identified the +9 long sword of a bazaar {antimagic, rF+
                  | rN+} (Okawaru gifted it to you on level 10 of the Dungeon)
  8932 | D:10     | Received a gift from Okawaru
  9494 | D:10     | Noticed a vault guard
  9500 | D:10     | Killed a vault guard
  9521 | D:10     | Found a portal to a secret trove of treasure.
 10114 | D:11     | Found a staircase to the Lair.
 10154 | D:11     | Reached ****** piety under Okawaru
 10560 | D:11     | Noticed a centaur warrior
 10570 | D:11     | Killed a centaur warrior
 10570 | D:11     | Received a gift from Okawaru
 10571 | D:11     | Reached skill level 11 in Fighting
 11417 | D:11     | Noticed Nergalle
 11427 | D:11     | Killed Nergalle
 11428 | D:11     | Gained mutation: You are completely covered in sharp
                  | spines. [demonic ancestry]
 11428 | D:11     | Reached XP level 12. HP: 100/100 MP: 5/17
 11489 | D:12     | Noticed a centaur warrior
 11492 | D:12     | Killed a centaur warrior
 11795 | D:12     | Noticed a two-headed ogre
 11799 | D:12     | Killed a two-headed ogre
 11813 | D:12     | Noticed a purple very ugly thing
 11820 | D:12     | Killed a purple very ugly thing
 12070 | D:12     | Noticed a seven-headed hydra
 12077 | D:12     | Killed a nine-headed hydra
 12081 | D:12     | Reached skill level 12 in Fighting
 12126 | D:12     | Found a staircase to the Orcish Mines.
 12160 | D:12     | Noticed a four-headed hydra
 12167 | D:12     | Killed a five-headed hydra
 12540 | D:13     | Found a transporter.
 12541 | D:13     | Noticed a tengu warrior
 12543 | D:13     | Noticed a shadow dragon
 12551 | D:13     | Received a gift from Okawaru
 12578 | D:13     | Noticed an eight-headed hydra
 12578 | D:13     | Noticed a tengu reaver
 12580 | D:13     | Noticed Gilette's ghost (adept MiBe)
 12585 | D:13     | Killed a six-headed hydra
 12586 | D:13     | Reached skill level 5 in Armour
 12750 | D:13     | Noticed a centaur warrior
 12751 | D:13     | Noticed a centaur warrior
 12763 | D:13     | Killed a centaur warrior
 12764 | D:13     | Reached skill level 1 in Dodging
 12767 | D:13     | Killed a centaur warrior
 12768 | D:13     | Reached skill level 5 in Shields
 12773 | D:13     | Identified the +7 plate armour of Nualomal {rF- Int+10
                  | Dex+3}
 12893 | D:13     | Found a gate leading to a gauntlet.
 12902 | Gauntlet | Entered a Gauntlet
 12902 | Gauntlet | Found a transporter.
 12902 | Gauntlet | Found a transporter.
 12902 | Gauntlet | Found a runed translucent door.
 12902 | Gauntlet | Found a runed translucent door.
 12905 | Gauntlet | Found a transporter.
 12906 | Gauntlet | Found a transporter.
 12908 | Gauntlet | Found a transporter.
 12948 | Gauntlet | Found a transporter.
 12949 | Gauntlet | Found a transporter.
 12949 | Gauntlet | Found a transporter.
 12951 | Gauntlet | Noticed a blizzard demon
 12953 | Gauntlet | Found a runed translucent door.
 12953 | Gauntlet | Found a runed translucent door.
 12963 | Gauntlet | Found a transporter.
 12979 | Gauntlet | Found a transporter.
 12989 | Gauntlet | Found a transporter.
 13016 | Gauntlet | Found a transporter.
 13035 | Gauntlet | Found a transporter.
 13047 | Gauntlet | Found a transporter.
 13163 | Gauntlet | Killed a blizzard demon
 13193 | Gauntlet | Identified the +1 cloak of Hopscotch {Fly rF+ rN+ Will+}
 13214 | Gauntlet | Identified the +4 pearl dragon scales "Geabas" {rN+ Dex+4}
 13214 | Gauntlet | Noticed a minotaur
 13233 | Gauntlet | Killed a minotaur
 13234 | Gauntlet | Reached XP level 13. HP: 48/109 MP: 6/19
 13250 | Gauntlet | Identified the Guide on the Oath
 13256 | Gauntlet | Identified the Catalogue of the Compass
 13592 | D:13     | Found a gate to the Vaults.
 13611 | D:13     | Found a transporter.
 13855 | D:13     | Found a broken altar of Ashenzari.
 13913 | D:13     | Identified the +2 kite shield "Ratujir" {rElec rF- Str-3
                  | Int+6} (Okawaru gifted it to you on level 13 of the
                  | Dungeon)
 13913 | D:13     | Received a gift from Okawaru
 14225 | D:14     | Reached skill level 13 in Fighting
 14336 | D:14     | Reached skill level 10 in Shields
 14794 | D:14     | Received a gift from Okawaru
 15511 | D:15     | Entered Level 15 of the Dungeon
 15648 | D:15     | Gained mutation: You have sharp fingernails. [demonic
                  | ancestry]
 15648 | D:15     | Reached XP level 14. HP: 111/119 MP: 6/20
 15746 | D:15     | Noticed a brown very ugly thing
 15753 | D:15     | Killed a brown very ugly thing
 15892 | D:15     | Found a staircase to the Depths.
 15935 | D:15     | Reached skill level 14 in Fighting
 16522 | D:15     | Received a gift from Okawaru
 17174 | Lair:1   | Entered Level 1 of the Lair of Beasts
 17357 | Lair:1   | Learned a level 3 spell: Swiftness
 17362 | Lair:1   | Learned a level 4 spell: Airstrike
 17368 | Lair:1   | Learned a level 5 spell: Silence
 18094 | Lair:1   | Identified the +2 great sword of Fedhas's Favour {flame,
                  | Str+4}
 18389 | Lair:2   | Identified a scroll of acquirement
 18389 | Lair:2   | Acquired 524 gold pieces
 19053 | Lair:2   | Found a hole to the Spider Nest.
 19196 | Lair:3   | Identified the +6 hand axe "Irroepatut" {venom, Dex+4}
 19258 | Lair:3   | Noticed Gastronok
 19274 | Lair:3   | Killed Gastronok
 19946 | Lair:4   | Found a shimmering altar of Xom.
 20281 | Lair:4   | Received a gift from Okawaru
 20282 | Lair:4   | Found the +2 cloak of the Thief {*Fog Slay-2 SInv Stlth+}
 20715 | Lair:4   | Gained mutation: You have very sharp fingernails. [demonic
                  | ancestry]
 20715 | Lair:4   | Reached XP level 15. HP: 114/127 MP: 7/21
 21042 | Lair:4   | Found a staircase to the Shoals.
 21640 | Lair:5   | Found a runed translucent door.
 21650 | Lair:5   | Noticed Boawougg's ghost (journeyman GnWn)
 21680 | Lair:5   | Killed Boawougg's ghost
 21681 | Lair:5   | Reached skill level 15 in Fighting
 22458 | Lair:6   | Entered Level 6 of the Lair of Beasts
 22880 | Lair:6   | Reached skill level 15 in Shields
 23451 | Lair:6   | Found a staircase to the Slime Pits.
 24459 | Orc:1    | Entered Level 1 of the Orcish Mines
 24719 | Orc:2    | Entered Level 2 of the Orcish Mines
 24719 | Orc:2    | Found a staircase to the Elven Halls.
 24775 | Orc:2    | Found an iron altar of Okawaru.
 25136 | Orc:2    | Found Vej Sou's Distillery.
 25144 | Orc:2    | Received a gift from Okawaru
 25172 | Orc:2    | Reached skill level 16 in Fighting
 25559 | Orc:2    | Found Cehoclavvi's Antique Weapon Shoppe.
 25564 | Orc:2    | Found Pinwajusm's General Store.
 25571 | Orc:2    | Found Esagovva's Book Shop.
 25579 | Orc:2    | Bought a book of Spatial Translocations for 910 gold pieces
 25591 | Orc:2    | Bought a potion of experience for 600 gold pieces
 25591 | Orc:2    | Bought a potion of heal wounds for 60 gold pieces
 25591 | Orc:2    | Bought a potion of heal wounds for 60 gold pieces
 25592 | Orc:2    | Reached skill level 5 in Dodging
 25592 | Orc:2    | Reached XP level 16. HP: 138/138 MP: 7/22
 25596 | Orc:2    | Learned a level 2 spell: Blink
 25602 | Orc:2    | Learned a level 5 spell: Manifold Assault
 25650 | Orc:2    | Bought a fading hand crossbow for 272 gold pieces
 25650 | Orc:2    | Identified the +10 hand crossbow of Impatience {elec, rF-
                  | rCorr Str+6} (You bought it in a shop on level 2 of the
                  | Orcish Mines)
 25660 | Orc:2    | Bought a potion of haste for 120 gold pieces
 25845 | Spider:1 | Entered Level 1 of the Spider Nest
 25999 | Lair:2   | Reached skill level 1 in Crossbows
 26737 | Spider:1 | Gained mutation: You are mostly covered in slimy green
                  | scales. (AC +3) [demonic ancestry]
 26737 | Spider:1 | Reached XP level 17. HP: 128/144 MP: 23/23
 27047 | Spider:1 | Reached skill level 5 in Crossbows
 27794 | Spider:2 | Received a gift from Okawaru
 27945 | Spider:2 | Identified the +5 ring mail of the Monkey {rCorr}
 28986 | Spider:2 | Received a gift from Okawaru
 29616 | Spider:3 | Reached skill level 17 in Fighting
 29732 | Spider:3 | Identified the +5 long sword "Sogry" {freeze, Str+4}
 29765 | Spider:3 | Received a gift from Okawaru
 29918 | Spider:3 | Noticed Azrael
 29928 | Spider:3 | Killed Azrael
 30399 | Spider:3 | Noticed Arachne
 30409 | Spider:3 | Killed Arachne
 31092 | Spider:4 | Entered Level 4 of the Spider Nest
 31736 | Spider:4 | Reached skill level 10 in Crossbows
 31838 | Spider:4 | Reached skill level 1 in Translocations
 32090 | Spider:4 | Reached XP level 18. HP: 149/155 MP: 24/24
 32226 | Spider:4 | Received a gift from Okawaru
 32761 | Spider:4 | Reached skill level 5 in Translocations
 32769 | Spider:4 | Reached skill level 5 in Spellcasting
 32769 | Spider:4 | Received a gift from Okawaru
 33091 | Spider:4 | Got a gossamer rune of Zot
 33596 | Shoals:1 | Entered Level 1 of the Shoals
 33619 | Shoals:1 | Acquired a manual of Fighting
 33643 | Shoals:1 | Noticed Frances
 33652 | Shoals:1 | Killed Frances
 33961 | Shoals:1 | Identified the +2 chain mail of Resonance {rF++} (Okawaru
                  | gifted it to you on level 1 of the Shoals)
 33961 | Shoals:1 | Received a gift from Okawaru
 33992 | Shoals:1 | Noticed Nikola
 34001 | Shoals:1 | Killed Nikola
 34002 | Shoals:1 | Reached skill level 18 in Fighting
 34199 | Shoals:1 | Noticed Kirke
 34209 | Shoals:1 | Killed Kirke
 34946 | Shoals:2 | Noticed Ilsuiw
 34999 | Shoals:2 | HP: 1/158 [something (18)]
 34999 | Shoals:2 | Slain by Ilsuiw

Illustrated notes

Levels and vault maps discovered:
D:1:      minmay_arrival_four_loops, layout_basic,
          chequers_serial_rivers_small_b, minmay_lizard_pond
D:2:      layout_loops_ring, basic_altar, serial_shops, shop_coins,
          skrybe_limestone_x
D:3:      minmay_wonky_spiral, layout_basic, lemuel_tele_altar, zin_statuary,
          lemuel_doored_altar
D:4:      layout_rooms, minitemple, kennysheep_mini
D:5:      layout_cave_pools, lemuel_crystal_altar,
          nicolae_hepliaklqana_hazy_memory, st_stairs_14, minmay_misc_feat_rows,
          nzn_random_ring
D:6:      wander_guarded_unrand_ratskin, layout_basic, serial_bayou_pond_c,
          minmay_fractal_squares_diagonal_5
D:7:      minmay_flawed_box, layout_basic, nicolae_ru_awakened_eye,
          minmay_temple_entry_overgrown, uniq_pikel
D:8:      layout_basic, amcnicky_altar_gilded, st_stairs_11, uniq_joseph
D:9:      layout_basic, dk_yredelemnul_ordeal, lemuel_crystal_altar, uniq_psyche
D:10:     layout_basic, special_room [special_room_bee], enter_trove_5,
          nicolae_water_bricks, eino_tiny_chamber, hangedman_decor_slide_cut
D:11:     layout_loops_corners, due_lair_maze_entry_diamond,
          chequers_serial_rivers_micro_c, uniq_nergalle
D:12:     minmay_wavy_crystal, layout_small_grid, david_orc_3
D:13:     layout_basic, david_vaults_1, gammafunk_ghost_arena,
          gauntlet_entry_generic, ashenzari_conservatory_becter
D:14:     layout_roguey, st_stairs_10, chequers_serial_rivers_small_3,
          minmay_variable_closet, the_hattery
D:15:     gammafunk_enter_depths_forms, layout_loops_ring, dk_noncrumbling_2
Temple:   nicolae_temple_figure_zero
Lair:1:   statuecave_lemuel, layout_gridlike
Lair:2:   layout_cave_shapes, nicolae_spider_entry_non_spiders,
          infiniplex_staircase_pool_2
Lair:3:   layout_chaotic_city, beast_lair_carwin_2, uniq_gastronok
Lair:4:   lemuel_slime, layout_cave_pods, elwin_shoals_entry_rooms,
          lemuel_oklob_altar
Lair:5:   layout_regular_city, gammafunk_ghost_grave, grunt_megastairs_1
Lair:6:   grunt_lair_end_beastmaster, layout_regular_city,
          minmay_slime_entry_eyes, minivault_24, serial_bayou_shore_b
Shoals:1: layout_shoals, uniq_frances, uniq_nikola, uniq_kirke
Shoals:2: layout_shoals, uniq_ilsuiw
Spider:1: layout_spider_delve, drop_trap
Spider:2: nicolae_spider_mines_3, hangedman_stitches_earthworm
Spider:3: layout_spider_delve, nicolae_spider_circle_web, uniq_azrael,
          uniq_arachne
Spider:4: floodkiller_spider_rune_tomb, nicolae_spider_jagged_tunnels
Orc:1:    layout_caves
Orc:2:    st_orc_elflike, layout_caves, okawaru_metal_pillars_1_2

Skill      XL: |  1  2  3  4  5  6  7  8  9 10 11 12 13 14 15 16 17 18 |
---------------+-------------------------------------------------------+-----
Long Blades    | 2 3 4 5 7 9 10 12 13 14 | 14.0
Fighting       | 4 5 6 7 9 11 12 13 14 16 17 18 | 18.4
Invocations    | 2 6 8 |  8.0
Armour         | 5 6 7 8 |  8.0
Shields        | 6 12 14 15 | 15.0
Dodging        | 2 3 5 |  5.1
Spellcasting   | 3 6 |  6.4
Crossbows      | 4 10 | 10.0
Translocations | 2 7 |  7.9

Action                   |  1- 3 |  4- 6 |  7- 9 | 10-12 | 13-15 | 16-18 || total
-------------------------+-------+-------+-------+-------+-------+-------++-------
Melee: Long sword        |    72 |   102 |   162 |   250 |   844 |    82 ||  1512
       Scimitar          |       |       |       |   130 |    16 |   983 ||  1129
       Unarmed           |       |       |       |     7 |       |       ||     7
       Trident           |       |       |       |    12 |       |       ||    12
       Punch             |       |       |       |     2 |       |       ||     2
 Fire: Hand crossbow     |       |       |       |       |       |   104 ||   104
Throw: Dart              |       |       |       |     2 |       |       ||     2
Invok: Heroism           |       |       |     1 |     4 |     2 |     4 ||    11
       Finesse           |       |       |       |       |       |     1 ||     1
Evoke: Wand              |       |       |       |     5 |       |       ||     5
  Use: Scroll            |       |       |     6 |    13 |     4 |     4 ||    27
       Potion            |       |       |     1 |     3 |     3 |     3 ||    10
 Stab: Petrifying        |       |       |       |       |     2 |       ||     2
Armor: Scale mail        |    24 |       |       |       |       |       ||    24
       Plate armour      |    24 |    67 |   130 |     7 |   311 |   558 ||  1097
       Chain mail        |       |       |       |    57 |       |       ||    57
       Skin              |       |       |       |     6 |       |       ||     6
       Crystal plate arm |       |       |       |   253 |       |       ||   253
Dodge: Dodged            |    28 |    24 |    47 |    87 |   114 |   316 ||   616
Block: Kite shield       |     1 |       |       |    22 |   526 |  1166 ||  1715
       Reflection        |       |       |       |       |     8 |    22 ||    30
       Rpst.: Long sword |     9 |     9 |    17 |     6 |    20 |    16 ||    77
       Scimitar          |       |       |       |    10 |       |    43 ||    53

Table legend: (Time is in decaauts)
 A = Elapsed time spent in this place.
 B = Non-inter-level travel time spent in this place.
 C = Inter-level travel time spent in this place.
 D = Time resting spent in this place.
 E = Time spent auto-exploring this place.
 F = Levels seen in this place.
 G = Mean time per level.
                   A        B        C        D        E       F      G
               +--------+--------+--------+--------+--------+-----+--------+
         Total |  34415 |  32588 |   1827 |   4265 |  22527 |  31 | 1110.2 |
       Dungeon |  17005 |  16024 |    981 |   1724 |  12046 |  15 | 1133.7 |
        Temple |     68 |     68 |      0 |      0 |      0 |   1 |   68.0 |
          Lair |   7532 |   6923 |    609 |   1061 |   5086 |   6 | 1255.3 |
        Shoals |   1346 |   1346 |      0 |     48 |    637 |   2 |  673.0 |
   Spider Nest |   6861 |   6671 |    190 |   1097 |   4216 |   4 | 1715.2 |
  Orcish Mines |   1208 |   1161 |     47 |    331 |    542 |   2 |  604.0 |
      Gauntlet |    391 |    391 |      0 |      3 |      0 |   1 |  391.0 |
               +--------+--------+--------+--------+--------+-----+--------+

Top non-repeatable levels by time:
Spider:4: 2237 daAuts
Spider:2: 1983 daAuts
  Lair:6: 1779 daAuts
    D:11: 1616 daAuts
  Lair:4: 1570 daAuts
Spider:3: 1530 daAuts
    D:15: 1516 daAuts
    D:14: 1498 daAuts
     D:6: 1461 daAuts
     D:7: 1349 daAuts
  Lair:2: 1209 daAuts
    D:12: 1200 daAuts
  Lair:1: 1176 daAuts
    D:10: 1173 daAuts
    D:13: 1172 daAuts
